 Dungeon Crawl Stone Soup version 0.31-a0-496-g6f97920a28 (webtiles) character file.

Game seed: 9230361866037074188

31149 Ofeo the Fighter (level 13, -2/109 HPs)
             Began as a Demonspawn Shapeshifter on Aug 8, 2023.
             Was an Initiate of Gozag.
             Slain by Snorg (8 damage)
             ... on level 2 of the Lair of Beasts.
             The game lasted 00:19:38 (18359 turns).

Ofeo the Fighter (Demonspawn Shapeshifter)         Turns: 18359, Time: 00:19:38

Health: -2/109     AC: 20    Str: 15    XL:     13   Next: 24%
Magic:  13/13      EV: 16    Int: 10    God:    Gozag
Gold:   1213       SH:  0    Dex: 23    Spells: 12/12 levels left

rFire   x . .        a - +4 long sword (freeze)
rCold   + + .        (no shield)
rNeg    . . .        h - +4 ice dragon scales
rPois   .            (helmet currently unavailable)
rElec   .            (cloak currently unavailable)
rCorr   .            (gloves currently unavailable)
SInv    .            (boots unavailable)
Will    .....        (no amulet)
Stlth   +++          D - +4 ring of slaying
HPRegen 0.38/turn    n - +4 ring of protection
MPRegen 0.13/turn

%: no passive effects
@: beast-form, gold aura
A: beast (slay +4), hooves 3, thin skeletal structure 2, demonic guardian 1,
powered by death 1
a: Begin Untransformation, Renounce Religion, Potion Petition, Call Merchant,
Bribe Branch


You were on level 2 of the Lair of Beasts.
You worshipped Gozag.
Gozag was most pleased with you.
You were a hulking beast.
You visited 2 branches of the dungeon, and saw 14 of its levels.

You collected 3667 gold pieces.
You spent 1717 gold pieces at shops.
You paid 737 gold pieces to Gozag.

Inventory:

Hand Weapons
 a - a +4 long sword of freezing (weapon)
 b - a +5 rapier of draining
Missiles
 H - 8 curare-tipped darts
Armour
 f - a +0 pair of gloves
 h - +4 ice dragon scales (worn)
 p - a +0 helmet
 C - a +0 cloak
Jewellery
 n - a +4 ring of protection (right hand)
 D - a +4 ring of slaying (left hand)
 M - a ring of protection from fire
Talismans
 c - a beast talisman (active)
 d - a flux talisman
Wands
 u - a wand of quicksilver (3)
 z - a wand of flame (35)
 E - a wand of charming (6)
 I - a wand of digging (7) {@v1}
 L - a wand of roots (4)
Scrolls
 i - 6 scrolls of identify {@r1}
 j - 3 scrolls of fear
 k - a scroll of fog
 l - a scroll of amnesia
 t - 3 scrolls of revelation
 v - 3 scrolls of poison
 w - a scroll of teleportation {@r3}
 K - 2 scrolls of immolation {unknown}
 N - a scroll of enchant armour
 O - a scroll of acquirement {unknown}
Potions
 e - 2 potions of degeneration
 g - a potion of haste {unknown}
 o - a potion of resistance {@q6}
 q - a potion of curing {@q1}
 r - 5 potions of attraction
 s - 4 potions of might {@q4}
 y - 5 potions of heal wounds {unknown}
 A - a potion of mutation
 B - a potion of ambrosia {unknown}
 P - 4 potions of lignification


   Skills:
 + Level 12.5 Fighting
 + Level 7.5 Long Blades
 + Level 7.7 Armour
 + Level 11.6 Dodging
 + Level 4.0 Stealth
 - Level 4.4 Unarmed Combat
 - Level 6.0 Shapeshifting


You had 12 spell levels left.
You didn't know any spells.
Your spell library contained the following spells:

 Spells                   Type           Power      Damage    Failure   Level
 Freeze                   Ice            0%         1d3       85%         1
 Magic Dart               Conj           0%         1d3       85%         1
 Necrotise                Necr           0%         1d4       85%         1
 Call Imp                 Summ           0%         N/A       94%         2
 Lesser Beckoning         Tloc           0%         N/A       94%         2
 Frozen Ramparts          Ice            0%         1d1       99%         3
 Gell's Gravitas          Tloc           0%         N/A       99%         3
 Hailstorm                Conj/Ice       0%         3d3       99%         3
 Mephitic Cloud           Conj/Pois/Air  0%         N/A       99%         3
 Teleport Other           Tloc           0%         N/A       99%         3
 Vampiric Draining        Necr           0%         2d6       99%         3
 Olgreb's Toxic Radiance  Pois           0%         N/A       100%        4
 Petrify                  Tmut/Erth      0%         N/A       100%        4
 Agony                    Necr           0%         N/A       100%        5
 Iskenderun's Battlesphe  Conj           0%         2d6       100%        5
 Metabolic Englaciation   Hex/Ice        0%         N/A       100%        5
 Leda's Unmaking          Conj/Erth      0%         9d1       100%        6
 Spellforged Servitor     Conj/Summ      0%         N/A       100%        7
 Discord                  Hex            0%         N/A       100%        8
 Ignition                 Fire           0%         3d3       100%        8


Dungeon Overview and Level Annotations

Branches:
Dungeon (11/15)            Temple (0/1) D:4            Lair (3/5) D:11
  Swamp (0/4) Lair:2          Orc (0/2) D:9
  Snake: Lair:2-3    Spider: Lair:2-3

Altars:
Cheibriados
Dithmenos
Gozag
Hepliaklqana
Kikubaaqudgha
Makhleb
Okawaru
Qazlal
Ru
Sif Muna
Vehumet
Wu Jian
Xom

Shops:
D:8 =*   Lair:1 (

Annotations:
Lair:2 Snorg


Innate Abilities, Weirdness & Mutations

You are a hulking beast.
Your limbs bulge with bestial killing power. (Slay +4)
You have hooves in place of feet.
You have a moderately thin skeletal structure. (Dex +4, Stealth++)
A weak demonic guardian rushes to your aid.
You regenerate a little health from kills.


Message History

You hit Snorg. You freeze Snorg. You kick Snorg!
Snorg is lightly wounded.
Snorg closely misses you. Snorg claws you. Snorg closely misses you.
You take 4 damage, and have 73/109 hp.
You slash Snorg! You freeze Snorg.
Snorg is moderately wounded.
Snorg bites you but does no damage. Snorg claws you! x2; Snorg misses you.
Snorg claws you but does no damage. Snorg closely misses you.
Your shadow imp gestures at Snorg.
Snorg easily resists.
You take 21 damage, and have 52/109 hp.
You slice Snorg!! You freeze Snorg!
Snorg is heavily wounded.
Snorg bites you but does no damage. Snorg claws you! Snorg misses you.
Your shadow imp hits Snorg.
You take 12 damage, and have 40/109 hp.
You slice Snorg!! You freeze Snorg. Your kick misses Snorg.
Snorg is severely wounded.
Snorg misses you. Snorg claws you!
* * * LOW HITPOINT WARNING * * *
Snorg claws you.
* * * LOW HITPOINT WARNING * * *
Snorg completely misses you. Snorg closely misses you.
Snorg claws you but does no damage.
Your shadow imp hits Snorg.
You take 9 damage, and have 31/109 hp.
You barely miss Snorg.
Snorg is severely wounded.
Snorg bites you but does no damage. Snorg claws you!
* * * LOW HITPOINT WARNING * * *
Snorg completely misses you.
Your shadow imp hits Snorg.
You take 9 damage, and have 22/109 hp.
You slash Snorg! You freeze Snorg. You kick Snorg.
Snorg is severely wounded.
Snorg misses you. Snorg claws you!
* * * LOW HITPOINT WARNING * * *
Snorg barely misses you. Snorg bites you.
* * * LOW HITPOINT WARNING * * *
Snorg closely misses you. Snorg claws you!
You die...
Your body crumbles into a pile of gold.

###### ##...P#### ### ###
.........# ######.####### #.###
.........###............######..#
........^.##.........[...#).<....
..>......#.#.....................
...........+....$......[.........
...............5h................
....##..+##.#.+.T...#P...........
....#......###...<.#######.......
#.#........# ##.#.## ####.#.'
P..#.#.....## ###.## #####.
...#.#.♣....# #..## ###.##..
#.##.......######..P## #.......
...#.#...#.###P..#..P#####.......
...##.....##..........#.#........


You could see Snorg (berserk, ally target) and a friendly shadow imp (summoned).

Vanquished Creatures
  Gastronok (Lair:2)
  A hydra (Lair:2)
  An ogre mage (D:11)
  2 boulder beetles
  A two-headed ogre (D:11)
  Sonja (Lair:2)
  4 bog bodies (Lair:2)
  An oklob plant (Lair:2)
  An ugly thing (D:11)
  A cyclops (D:11)
  10 elephants
  2 black mambas
  4 cane toads
  2 unseen horrors
  5 komodo dragons
  A troll (D:11)
  A polar bear (Lair:2)
  Sigmund (D:3)
  3 dream sheep
  6 basilisks
  2 shadows
  A human (D:9)
  36 yaks
  4 wraiths
  A wyvern (Lair:1)
  A steam dragon (D:11)
  A swamp worm (Lair:2)
  2 vampire mosquitoes (D:11)
  A warg (D:9)
  9 water moccasins
  2 acid dragons
  3 sky beasts (D:7)
  4 orc warriors
  9 centaurs
  An ogre (D:7)
  8 wolves (Lair:2)
  A phantom (D:6)
  3 kobold brigands
  11 bullfrogs
  A scorpion (D:4)
  2 gnoll sergeants
  3 wights (D:9)
  35 killer bees
  A howler monkey (D:8)
  An electric eel (Lair:2)
  A crimson imp (D:3)
  2 jellies (D:6)
  3 hounds
  A gnoll bouda (D:10)
  9 orc priests
  2 sleepcaps
  An iron imp (D:9)
  Jessica (D:3)
  4 iguanas
  Natasha (thrice) (D:3)
  10 orc wizards
  Robin (D:3)
  16 gnolls
  7 adders
  4 shadow imps
  A white imp (D:6)
  An ufetubus (D:4)
  2 worms
  5 dart slugs
  36 orcs
  2 bats
  7 endoplasms
  4 giant cockroaches
  5 hobgoblins
  7 jackals
  23 kobolds
  8 quokkas
  6 ball pythons
  7 frilled lizards
  22 goblins
  8 rats
401 creatures vanquished.

Vanquished Creatures (collateral kills)
  6 orcs
  3 goblins (D:3)
  A kobold (D:6)
10 creatures vanquished.

Grand Total: 411 creatures vanquished

Notes
Turn   | Place    | Note
-------+----------+-------------------------------------------
     0 | D:1      | Ofeo the Demonspawn Shapeshifter began the quest for the
                  | Orb.
     0 | D:1      | Reached XP level 1. HP: 15/15 MP: 1/1
   215 | D:1      | Gained mutation: You have large cloven feet. [demonic
                  | ancestry]
   215 | D:1      | Reached XP level 2. HP: 21/21 MP: 2/2
   454 | D:1      | Reached XP level 3. HP: 27/27 MP: 3/3
   761 | D:2      | Found a faded altar of an unknown god.
   908 | D:2      | Reached skill level 2 in Fighting
   915 | D:2      | Gained mutation: A weak demonic guardian rushes to your
                  | aid. [demonic ancestry]
   915 | D:2      | Reached XP level 4. HP: 28/33 MP: 4/4
  1560 | D:2      | Prayed at the altar of an unknown god.
  1560 | D:2      | Became a worshipper of Gozag Ym Sagoz the Greedy
  1592 | D:3      | Noticed Natasha
  1615 | D:3      | Killed Natasha
  1673 | D:3      | Gained mutation: You have a somewhat thin skeletal
                  | structure. (Dex +2, Stealth+) [demonic ancestry]
  1673 | D:3      | Reached XP level 5. HP: 39/39 MP: 5/5
  1753 | D:3      | Noticed Natasha
  1760 | D:3      | Killed Natasha
  1908 | D:3      | Found a hazy altar of Hepliaklqana.
  1911 | D:3      | Found a sacrificial altar of Ru.
  1919 | D:3      | Noticed Sigmund
  1921 | D:3      | Noticed Jessica
  1928 | D:3      | Killed Jessica
  1943 | D:3      | Killed Sigmund
  1944 | D:3      | Reached skill level 3 in Fighting
  1944 | D:3      | Gained mutation: You have hoof-like feet. [demonic
                  | ancestry]
  1944 | D:3      | Reached XP level 6. HP: 29/47 MP: 6/6
  2018 | D:3      | Noticed Robin
  2036 | D:3      | Killed Robin
  2112 | D:3      | Found a burning altar of Makhleb.
  2112 | D:3      | Found a shimmering altar of Xom.
  2344 | D:3      | Noticed Natasha
  2349 | D:3      | Killed Natasha
  2624 | D:3      | Found a shadowy altar of Dithmenos.
  2624 | D:3      | Found a radiant altar of Vehumet.
  3070 | D:4      | Gained mutation: You regenerate a little health from kills.
                  | [demonic ancestry]
  3070 | D:4      | Reached XP level 7. HP: 20/52 MP: 7/7
  3571 | D:4      | Found a staircase to the Ecumenical Temple.
  3920 | D:5      | Entered Level 5 of the Dungeon
  4043 | D:5      | Reached skill level 4 in Fighting
  4266 | D:5      | Identified the +4 spear of Brutal Revenge {freeze, Drain
                  | Fragile rC++ Will+++}
  5044 | D:5      | Gained mutation: You have a moderately thin skeletal
                  | structure. (Dex +4, Stealth++) [demonic ancestry]
  5044 | D:5      | Reached XP level 8. HP: 58/61 MP: 8/8
  5147 | D:5      | Reached skill level 5 in Fighting
  5340 | D:6      | Reached skill level 5 in Dodging
  5396 | D:6      | Reached skill level 5 in Shapeshifting
  5511 | D:6      | Identified the +4 plate armour of Disaster {Harm Drain rC+
                  | Regen+}
  6590 | D:7      | Reached skill level 6 in Fighting
  6761 | D:7      | Reached XP level 9. HP: 71/71 MP: 9/9
  7175 | D:7      | Found an iron altar of Okawaru.
  7417 | D:8      | Reached skill level 7 in Fighting
  7492 | D:8      | Found Mouty's Demolitions Depot.
  7748 | D:8      | Found Coonaab's Jewellery Boutique.
  7757 | D:8      | Bought a +4 ring of slaying for 1170 gold pieces
  8637 | D:8      | Reached skill level 8 in Fighting
  8648 | D:8      | Found a shimmering blue altar of Sif Muna.
  9003 | D:9      | Reached XP level 10. HP: 57/82 MP: 10/10
  9375 | D:9      | Reached skill level 9 in Fighting
  9382 | D:9      | Found a staircase to the Orcish Mines.
  9854 | D:9      | Found a snail-covered altar of Cheibriados.
 10039 | D:9      | Reached skill level 1 in Armour
 10568 | D:10     | Entered Level 10 of the Dungeon
 10658 | D:10     | Reached skill level 1 in Long Blades
 10741 | D:10     | Found an opulent altar of Gozag.
 11139 | D:10     | Reached skill level 10 in Fighting
 11380 | D:10     | Found a stormy altar of Qazlal.
 11439 | D:10     | Found an ornate altar of the Wu Jian Council.
 11627 | D:10     | Found an ancient bone altar of Kikubaaqudgha.
 12271 | D:11     | Reached XP level 11. HP: 90/90 MP: 11/11
 13005 | D:11     | Noticed a boulder beetle
 13009 | D:11     | Noticed a two-headed ogre
 13010 | D:11     | Noticed an ogre mage
 13018 | D:11     | Killed a boulder beetle
 13018 | D:11     | Noticed a red ugly thing
 13286 | D:11     | Found a staircase to the Lair.
 13689 | D:11     | Reached skill level 10 in Dodging
 13728 | D:11     | Killed a red ugly thing
 13729 | D:11     | Killed a two-headed ogre
 13730 | D:11     | Reached skill level 5 in Armour
 13789 | D:11     | Killed an ogre mage
 13790 | D:11     | Reached skill level 11 in Fighting
 13790 | D:11     | Reached skill level 5 in Long Blades
 14246 | Lair:1   | Entered Level 1 of the Lair of Beasts
 14377 | Lair:1   | Reached XP level 12. HP: 32/100 MP: 12/12
 15828 | Lair:1   | Bought a +5 rapier of draining for 547 gold pieces
 15853 | Lair:2   | Noticed Sonja
 15895 | Lair:2   | Noticed a boulder beetle
 15908 | Lair:2   | Killed a boulder beetle
 16012 | Lair:2   | Killed Sonja
 16117 | Lair:2   | Reached skill level 1 in Stealth
 16240 | Lair:2   | Reached skill level 12 in Fighting
 16786 | Lair:2   | Identified the +4 flail of Singing Destruction {flame, rF+
                  | Dex+3}
 16827 | Lair:2   | Noticed a four-headed hydra
 16837 | Lair:2   | Killed a four-headed hydra
 17068 | Lair:2   | Gained mutation: You have hooves in place of feet. [demonic
                  | ancestry]
 17068 | Lair:2   | Reached XP level 13. HP: 85/108 MP: 13/13
 17576 | Lair:2   | Noticed Gastronok
 17787 | Lair:2   | Killed Gastronok
 18010 | Lair:2   | Found a staircase to the Swamp.
 18134 | Lair:3   | Noticed Snorg
 18359 | Lair:2   | Slain by Snorg

Illustrated notes

Levels and vault maps discovered:
D:1:      dpeg_arrival_refuge, layout_basic, solitary_fountain
D:2:      layout_basic, dreamdust_ecumenical_altar_grove, minmay_misc_feat_room,
          grunt_ministairs_15
D:3:      minmay_thinvault, layout_loops_ring,
          grunt_temple_overflow_champion_of_chaos,
          gammafunk_temple_overflow_elements, nicolae_overflow_squiral,
          chequers_serial_rivers_small_a, st_stairs_10, uniq_sigmund,
          uniq_natasha, uniq_robin, uniq_jessica
D:4:      layout_rooms, temple_doors_e
D:5:      minmay_spotlight, layout_loops_cross, tso_metal_star,
          grunt_decor_clamped
D:6:      layout_basic, zin_scriptorium
D:7:      minmay_evil_eye, layout_rooms, mainiacjoe_overflow_six_doors_small
D:8:      layout_basic, kennysheep_orc_sif_temple, nicolae_blasting_shop,
          minmay_shop_enchanted_jewellery, kennysheep_cross_room
D:9:      layout_grid_maze, slow_altar_1, erik_orc_4
D:10:     layout_basic, mainiacjoe_overflow_chevrons, grunt_gozag_breadcrumbs,
          mainiacjoe_overflow_24_doors, nicolae_qazlal_general_emergency
D:11:     wad_woods_minihive, layout_basic, erik_lair_dragon, minmay_circle_x
Lair:1:   layout_regular_city, serial_bayou_pond_c, infiniplex_staircase_pool_2
Lair:2:   layout_roguey, nicolae_swamp_entry_splash_gauntlet, lemuel_fruit_tree,
          grunt_megastairs_1, serial_bayou_shore_a, serial_bayou_shore_b,
          uniq_gastronok, uniq_sonja
Lair:3:   layout_concentric_octagons, guppyfry_snake_entry_garden,
          serial_bayou_lagoon_a, nicolae_lair_lindhole, uniq_snorg

Skill      XL: |  1  2  3  4  5  6  7  8  9 10 11 12 13 |
---------------+----------------------------------------+-----
Dodging        | 2 3 4 6 8 9 10 11 | 11.6
Unarmed Combat | 3 4 |  4.4
Shapeshifting  | 3 4 5 6 |  6.0
Fighting       | 2 3 4 6 8 10 11 12 | 12.5
Armour         | 3 5 7 |  7.7
Long Blades    | 2 5 7 |  7.5
Stealth        | 3 4 |  4.0

Action                     |  1- 3 |  4- 6 |  7- 9 | 10-12 | 13-15 || total
---------------------------+-------+-------+-------+-------+-------++-------
  Melee: Unarmed           |    25 |       |       |       |       ||    25
         Spear             |    63 |   129 |   315 |    95 |       ||   602
         Kick              |    16 |    22 |   109 |   173 |    21 ||   341
         Punch             |     2 |     2 |     6 |    17 |     4 ||    31
         Long sword        |       |       |       |   371 |    54 ||   425
         Rapier            |       |       |       |     6 |       ||     6
 Invoke: Call Merchant     |       |       |       |     1 |       ||     1
  Evoke: Wand              |       |       |       |     5 |       ||     5
    Use: Scroll            |     2 |     9 |     1 |     8 |       ||    20
         Potion            |       |       |     1 |     1 |       ||     2
   Stab: Distracted        |       |     2 |     1 |     5 |       ||     8
         Sleeping          |       |       |     2 |     8 |       ||    10
 Armour: Ice dragon scales |    51 |    27 |   152 |   272 |    37 ||   539
         Animal skin       |     3 |       |       |       |       ||     3
  Dodge: Dodged            |    48 |    39 |   177 |   386 |    67 ||   717

Table legend: (Time is in decaauts)
 A = Elapsed time spent in this place.
 B = Non-inter-level travel time spent in this place.
 C = Inter-level travel time spent in this place.
 D = Time resting spent in this place.
 E = Time spent auto-exploring this place.
 F = Levels seen in this place.
 G = Mean time per level.
                   A        B        C        D        E       F      G
               +--------+--------+--------+--------+--------+-----+--------+
         Total |  18679 |  17978 |    701 |   1412 |  13579 |  14 | 1334.2 |
       Dungeon |  14418 |  13786 |    632 |    947 |  10625 |  11 | 1310.7 |
          Lair |   4260 |   4191 |     69 |    465 |   2954 |   3 | 1420.0 |
               +--------+--------+--------+--------+--------+-----+--------+

Top non-repeatable levels by time:
  Lair:2: 2572 daAuts
    D:11: 2118 daAuts
     D:8: 1676 daAuts
     D:3: 1664 daAuts
  Lair:1: 1661 daAuts
    D:10: 1625 daAuts
     D:9: 1600 daAuts
     D:6: 1477 daAuts
     D:5: 1343 daAuts
     D:2: 866 daAuts
     D:1: 755 daAuts
     D:4: 672 daAuts
     D:7: 618 daAuts
  Lair:3: 26 daAuts
